 Dungeon Crawl Stone Soup version 0.27-a0-1438-g9b7c6745da (webtiles) character file.

Game seed: 9581697145891532677

45894 Delamore the Cruncher (level 14, -1/116 HPs)
             Began as a Formicid Fighter on July 4, 2021.
             Was an Initiate of Gozag.
             Slain by a komodo dragon (16 damage)
             ... on level 5 of the Lair of Beasts.
             The game lasted 00:30:33 (21030 turns).

Delamore the Cruncher (Formicid Fighter)           Turns: 21030, Time: 00:30:34

Health: -1/116     AC: 16    Str: 26    XL:     14   Next: 73%
Magic:  14/14      EV: 12    Int:  9    God:    Gozag
Gold:   1527       SH: 12    Dex:  8    Spells: 13/13 levels left

rFire    + . .     SeeInvis +   a - +1 quarterstaff
rCold    + . .     Faith    .   c - +1 kite shield
rNeg     . . .     Spirit   .   K - +2 chain mail {rPois}
rPois    +         Reflect  .   (helmet unavailable)
rElec    +         Harm     .   o - scarf {rC+ rF+}
rCorr    +         Rampage  .   f - +0 pair of gloves of Nefinor {rElec Will+ rCorr Str-5}
Will     ++++.                  u - +0 pair of boots
Stlth    ..........             (no amulet)
HPRegen  0.29/turn              p - +6 ring of strength
MPRegen  0.14/turn              U - +4 ring of evasion

@: gold aura
A: permanent stasis, dig shafts and tunnels, antennae 3, four strong arms,
clumsy 1, strong-willed 2, subdued magic 1
a: Dig, Shaft Self, Renounce Religion, Potion Petition, Call Merchant, Bribe
Branch


You were on level 5 of the Lair of Beasts.
You worshipped Gozag.
Gozag was most pleased with you.
You visited 3 branches of the dungeon, and saw 16 of its levels.
You also visited: Gauntlet.

You collected 3966 gold pieces.
You spent 451 gold pieces at shops.
You paid 1988 gold pieces to Gozag.

Inventory:

Hand Weapons
 a - a +1 quarterstaff (weapon)
Missiles
 i - 22 poisoned darts
 s - 12 boomerangs (quivered)
 C - 4 throwing nets
 L - 7 javelins
 Q - 12 silver javelins
 V - 6 atropa-tipped darts
Armour
 c - a +1 kite shield (worn)
 f - the +0 pair of gloves of Nefinor (worn) {rElec Will+ rCorr Str-5}
   (You found it in a Gauntlet)

   Str:       It affects your strength (-5).
   rElec:     It insulates you from electricity.
   rCorr:     It protects you from acid and corrosion.
   Will:      It increases your willpower.
 o - a scarf of resistance (worn)
 u - a +0 pair of boots (worn)
 w - the +6 chain mail "Ceucocs" {Str+4}
   (You found it on level 4 of the Lair of Beasts)

   Str:       It affects your strength (+4).
 K - a +2 chain mail of poison resistance (worn)
Jewellery
 p - a +6 ring of strength (left hand)
 z - a ring of protection from fire
 G - a ring of protection from cold
 U - a +4 ring of evasion (right hand)
Wands
 j - a wand of paralysis (18)
 r - a wand of mindburst (25)
 v - a wand of iceblast (40)
 F - a wand of polymorph (16)
 I - a wand of flame (17)
Scrolls
 b - a scroll of identify
 l - 3 scrolls of amnesia
 m - 3 scrolls of teleportation
 q - 2 scrolls of enchant armour
 y - 4 scrolls of enchant weapon
 D - 2 scrolls of immolation
 E - a scroll of holy word
 J - 2 scrolls of noise
 O - a scroll of fear
 X - a scroll of fog
 Z - a scroll of magic mapping
Potions
 d - 6 potions of might
 e - 2 potions of brilliance
 g - 6 potions of curing
 h - 2 potions of attraction
 k - a potion of ambrosia
 n - 3 potions of cancellation
 t - 3 potions of lignification
 x - 3 potions of heal wounds
 B - a potion of resistance
 M - a potion of invisibility
 N - a potion of haste
Miscellaneous
 H - a lightning rod (4/4)
 R - a box of beasts
 S - a condenser vane


   Skills:
 + Level 12.5 Fighting
 - Level 14.0 Staves
 + Level 9.6 Throwing
 - Level 10.0 Armour
 - Level 9.0 Shields
 + Level 9.6 Evocations


You had 13 spell levels left.
You didn't know any spells.
Your spell library contained the following spells:

 Spells                   Type           Power      Damage    Failure   Level
 Beastly Appendage        Tmut           0%         N/A       86%         1
 Foxfire                  Conj/Fire      0%         2x1d4     86%         1
 Freeze                   Ice            0%         1d3       86%         1
 Summon Small Mammal      Summ           0%         N/A       86%         1
 Poisonous Vapours        Pois/Air       0%         N/A       95%         2
 Static Discharge         Conj/Air       0%         N/A       95%         2
 Wereblood                Tmut           0%         N/A       95%         2
 Call Canine Familiar     Summ           0%         N/A       99%         3
 Conjure Flame            Conj/Fire      0%         6-21      99%         3
 Dazzling Flash           Conj/Hex       0%         N/A       99%         3
 Frozen Ramparts          Ice            0%         1d2       99%         3
 Ignite Poison            Fire/Tmut/Pois 0%         N/A       99%         3
 Inner Flame              Hex/Fire       0%         N/A       99%         3
 Mephitic Cloud           Conj/Pois/Air  0%         N/A       99%         3
 Portal Projectile        Hex/Tloc       0%         N/A       99%         3
 Spider Form              Tmut/Pois      0%         N/A       99%         3
 Stone Arrow              Conj/Erth      0%         3d7       99%         3
 Summon Guardian Golem    Hex/Summ       0%         N/A       99%         3
 Animate Armour           Summ/Erth      0%         N/A       100%        4
 Cause Fear               Hex            0%         N/A       100%        4
 Hailstorm                Conj/Ice       0%         3d3       100%        4
 Iskenderun's Mystic Bla  Conj/Tloc      0%         2d3       100%        4
 Olgreb's Toxic Radiance  Pois           0%         N/A       100%        4
 Blade Hands              Tmut           0%         N/A       100%        5
 Bolt of Magma            Conj/Fire/Erth 0%         4d4       100%        5
 Excruciating Wounds      Necr           0%         N/A       100%        5
 Summon Mana Viper        Hex/Summ       0%         N/A       100%        5
 Invisibility             Hex            0%         N/A       100%        6
 Starburst                Conj/Fire      0%         8x6d3     100%        6
 Malign Gateway           Summ/Tloc      0%         N/A       100%        7
 Ozocubu's Refrigeration  Ice            0%         4d5       100%        7
 Ignition                 Fire           0%         3d3       100%        8
 Lehudib's Crystal Spear  Conj/Erth      0%         10d2      100%        8
 Swiftness                Air            Unusable   N/A       N/A         3

Dungeon Overview and Level Annotations

Branches:
Dungeon (9/15)             Temple (1/1) D:5            Lair (6/6) D:9
  Swamp (0/4) Lair:2       Spider (0/4) Lair:4      Gauntlet (visited)
  Slime: Lair:5-6       Orc: D:9-12

Altars:
Ashenzari
Cheibriados
Dithmenos
Elyvilon
Fedhas
Gozag
Hepliaklqana
Kikubaaqudgha
Makhleb
Nemelex Xobeh
Okawaru
Qazlal
Ru
Sif Muna
Trog
Uskayaw
Vehumet
Wu Jian
Xom
Yredelemnul
Zin
The Shining One

Shops:
D:6 **[(   D:8 =   Lair:2 !   Lair:5 *


Innate Abilities, Weirdness & Mutations

You cannot be hasted, slowed, berserked, paralysed or teleported.
You can dig through walls and to a lower floor.
You have a pair of large antennae on your head. (SInv)
Your four strong arms can wield two-handed weapons with a shield.
You are clumsy. (Dex -2)
You are highly strong-willed. (Will++)
Your spells are a little easier to cast, but a little less powerful.


Message History

A komodo dragon is nearby!
Unknown command.
Throw: 12 boomerangs
Press: ? - help, Q - select action, (/) - cycle Shift-Dir - straight line, f - komodo dragon
Aim: a komodo dragon (wandering, hasn't noticed you, 72% to hit)
You throw a boomerang. The komodo dragon hisses angrily.
The boomerang hits the komodo dragon but does no damage.
Throw: 12 boomerangs
Press: ? - help, Q - select action, (/) - cycle Shift-Dir - straight line, f/p - komodo dragon
Aim: a komodo dragon (72% to hit)
You throw a boomerang.
The boomerang hits the komodo dragon but does no damage.
Throw: 12 boomerangs
Press: ? - help, Q - select action, (/) - cycle Shift-Dir - straight line, f/p - komodo dragon
Aim: a komodo dragon (72% to hit)
You throw a boomerang. The boomerang hits the komodo dragon!
The komodo dragon is moderately wounded.
The komodo dragon bites you!
* * * LOW HITPOINT WARNING * * *
You see here 44 gold pieces.
You completely miss the komodo dragon.
The komodo dragon is moderately wounded.
The komodo dragon closely misses you.
You hit the komodo dragon but do no damage.
The komodo dragon is moderately wounded.
The komodo dragon closely misses you.
You closely miss the komodo dragon.
The komodo dragon is moderately wounded.
You barely miss the komodo dragon.
The komodo dragon is moderately wounded.
The komodo dragon bites you!!
* * * LOW HITPOINT WARNING * * *
You closely miss the komodo dragon.
The komodo dragon is moderately wounded.
You hit the komodo dragon.
The komodo dragon is moderately wounded.
The komodo dragon bites you!
You die...
Your body crumbles into a pile of gold.

#.....l....P..
#...........P.
#............P
#...........##
##.$$$.##...#.##
##....###.##.P##
###..#P#......
###l.#........#
#.@...........## ##
#..............###. ...#
##.......(.....(##. ....
###...........###..
##..##.#.........##.#...
#.....#...#......###....
#..............####....
#..............###.....
# ###
##.#..P.#.#............


You could see a komodo dragon.

Vanquished Creatures
  A minotaur (Gauntlet)
  4 hydras
  Erolcha (D:9)
  Harold (D:7)
  A boulder beetle (Lair:5)
  4 death yaks
  Nergalle (Lair:1)
  A sea snake (Lair:6)
  14 elephants
  2 centaur zombies
  A manticore (Lair:5)
  A black mamba (Lair:6)
  8 cane toads
  A gargoyle (D:8)
  2 torpor snails (Lair:4)
  Maggie (Lair:2)
  17 komodo dragons
  3 rime drakes
  An ice devil (Gauntlet)
  3 jumping spiders (Lair:4)
  A wind drake (Lair:6)
  A tyrant leech (Lair:2)
  3 hornets
  8 blink frogs
  10 flying skulls (Gauntlet)
  A slime creature (D:9)
  3 redbacks (Lair:4)
  61 yaks
  A wraith (D:9)
  7 wyverns
  Grum (D:8)
  3 fire bats (Lair:4)
  A swamp worm (Lair:2)
  9 water moccasins
  An ice beast (D:7)
  2 sky beasts (D:7)
  6 orc warriors
  4 necrophages
  4 ogres
  3 wolves
  2 centaurs
  A phantom (D:6)
  3 kobold brigands
  2 gnoll sergeants (D:8)
  10 bullfrogs
  4 scorpions
  A wyvern zombie (D:8)
  A wyvern skeleton (D:7)
  A water moccasin zombie (D:6)
  A killer bee (D:9)
  5 wights
  8 electric eels
  A jelly (D:5)
  2 hounds
  3 orc priests
  8 hell rats
  9 orc wizards
  10 iguanas
  A killer bee zombie (D:9)
  2 hound skeletons (D:4)
  2 howler monkey zombies
  Robin (D:2)
  16 gnolls
  A howler monkey skeleton (D:7)
  8 adders
  5 river rats (D:9)
  A shadow imp (D:7)
  5 white imps
  An ufetubus (D:5)
  An adder skeleton (D:4)
  A worm (D:4)
  A dart slug (D:2)
  17 orcs
  7 endoplasms
  A giant cockroach (D:3)
  15 goblins
  6 hobgoblins
  6 jackals
  16 kobolds
  A quokka (D:4)
  4 ball pythons
  4 bats
  6 frilled lizards
  7 rats
406 creatures vanquished.

Vanquished Creatures (others)
  A bush (Lair:6)
  44 fungi
  117 plants
162 creatures vanquished.

Grand Total: 568 creatures vanquished

Notes
Turn   | Place    | Note
-------+----------+-------------------------------------------
     0 | D:1      | Delamore the Formicid Fighter began the quest for the Orb.
     0 | D:1      | Reached XP level 1. HP: 18/18 MP: 1/1
    50 | D:1      | Found a faded altar of an unknown god.
   192 | D:1      | Reached XP level 2. HP: 21/24 MP: 2/2
   372 | D:1      | Reached XP level 3. HP: 13/30 MP: 3/3
   993 | D:2      | Reached skill level 3 in Staves
  1214 | D:2      | Reached XP level 4. HP: 35/37 MP: 4/4
  1355 | D:2      | Noticed Robin
  1394 | D:2      | Killed Robin
  2186 | D:3      | Reached XP level 5. HP: 36/42 MP: 5/5
  2784 | D:4      | Reached skill level 4 in Staves
  2869 | D:4      | Noticed a necrophage
  2880 | D:4      | Killed a necrophage
  2881 | D:4      | Reached XP level 6. HP: 38/49 MP: 6/6
  3083 | D:4      | Noticed a necrophage
  3093 | D:4      | Killed a necrophage
  3094 | D:4      | Reached skill level 5 in Fighting
  3094 | D:4      | Reached skill level 5 in Staves
  3094 | D:4      | Reached skill level 5 in Shields
  3465 | D:4      | Reached XP level 7. HP: 54/56 MP: 7/7
  3673 | D:4      | Gained mutation: You are clumsy. (Dex -2) [potion of
                  | mutation]
  3673 | D:4      | Gained mutation: Your natural rate of healing is unusually
                  | fast. [potion of mutation]
  3877 | D:5      | Entered Level 5 of the Dungeon
  3902 | D:5      | Reached skill level 6 in Staves
  4291 | D:5      | Found a staircase to the Ecumenical Temple.
  4301 | Temple   | Entered the Ecumenical Temple
  4436 | D:5      | Reached skill level 7 in Staves
  4436 | D:5      | Reached XP level 8. HP: 50/62 MP: 8/8
  4921 | D:6      | Found Odezeboh's Antique Weapon Shoppe.
  4942 | D:6      | Reached skill level 8 in Staves
  4947 | D:6      | Found an opulent altar of Gozag.
  4952 | D:6      | Found an opulent altar of Gozag.
  4952 | D:6      | Found an opulent altar of Gozag.
  4959 | D:6      | Became a worshipper of Gozag Ym Sagoz the Greedy
  5008 | D:6      | Reached skill level 9 in Staves
  5061 | D:6      | Found an opulent altar of Gozag.
  5265 | D:6      | Reached XP level 9. HP: 63/68 MP: 9/9
  5301 | D:6      | Found Iciops's Assorted Antiques.
  5317 | D:6      | Bought a scroll labelled VOGIYL JONE for 26 gold pieces
  5317 | D:6      | Bought a scroll labelled LENICI IGUA for 26 gold pieces
  5317 | D:6      | Bought a wand of paralysis (12) for 52 gold pieces
  5437 | D:6      | Found a broken altar of Ashenzari.
  5438 | D:6      | Found a burning altar of Makhleb.
  5439 | D:6      | Found a shadowy altar of Dithmenos.
  5518 | D:5      | Reached skill level 10 in Staves
  5609 | D:6      | Found Ari Otat's Antique Armour Shoppe.
  5814 | D:6      | Found Vusop's Assorted Antiques.
  5822 | D:6      | Bought a fuming grey potion for 28 gold pieces
  5822 | D:6      | Bought a scroll labelled YWAYTW TUQUL for 32 gold pieces
  6071 | D:6      | Reached skill level 11 in Staves
  6890 | D:7      | Reached skill level 12 in Staves
  7100 | D:7      | Reached XP level 10. HP: 48/74 MP: 10/10
  7557 | D:7      | Noticed Harold
  7567 | D:7      | Killed Harold
  7568 | D:7      | Reached skill level 13 in Staves
  7960 | D:8      | Found a hide-covered altar of Uskayaw.
  8216 | D:8      | Reached skill level 14 in Staves
  8281 | D:8      | Reached skill level 1 in Evocations
  8286 | D:8      | Noticed a gargoyle
  8287 | D:8      | Reached skill level 1 in Throwing
  8305 | D:8      | Killed a gargoyle
  8309 | D:8      | Noticed Grum
  8502 | D:8      | Reached XP level 11. HP: 57/80 MP: 11/11
  8561 | D:8      | Killed Grum
  9382 | D:9      | Noticed Erolcha
  9393 | D:9      | Killed Erolcha
  9656 | D:8      | Reached skill level 5 in Evocations
  9784 | D:9      | Reached skill level 5 in Throwing
  9968 | D:9      | Found a staircase to the Lair.
  9968 | D:9      | Noticed a death yak
  9968 | D:9      | Noticed a death yak
  9971 | D:9      | Noticed a death yak
 10000 | D:9      | Killed a death yak
 10011 | D:9      | Killed a death yak
 10190 | D:9      | Killed a death yak
 10191 | D:9      | Reached XP level 12. HP: 93/95 MP: 12/12
 10392 | D:9      | Found a blossoming altar of Fedhas.
 10490 | Lair:1   | Entered Level 1 of the Lair of Beasts
 10496 | Lair:1   | Noticed a six-headed hydra
 10517 | Lair:1   | Killed a six-headed hydra
 10518 | Lair:1   | Reached skill level 10 in Fighting
 10602 | Lair:1   | Noticed Nergalle
 10617 | Lair:1   | Killed Nergalle
 11479 | Lair:2   | Reached skill level 5 in Armour
 11838 | Lair:2   | Noticed Maggie
 11855 | Lair:2   | Killed Maggie
 12280 | Lair:2   | Found a staircase to the Swamp.
 12588 | Lair:2   | Bought a potion of invisibility for 88 gold pieces
 12588 | Lair:2   | Bought a potion of heal wounds for 55 gold pieces
 12588 | Lair:2   | Bought a potion of curing for 33 gold pieces
 12588 | Lair:2   | Bought a potion of might for 44 gold pieces
 12588 | Lair:2   | Bought a potion of flight for 33 gold pieces
 12816 | D:9      | Lost mutation: You are clumsy. (Dex -2) [potion of
                  | mutation]
 12816 | D:9      | Lost mutation: Your natural rate of healing is unusually
                  | fast. [potion of mutation]
 12816 | D:9      | Gained mutation: Your body sometimes deteriorates upon
                  | taking damage. [potion of mutation]
 12816 | D:9      | Gained mutation: You have sharp fingernails. [potion of
                  | mutation]
 12816 | D:9      | Gained mutation: You have very sharp teeth. [potion of
                  | mutation]
 12817 | D:9      | Lost mutation: You have sharp fingernails. [potion of
                  | mutation]
 12817 | D:9      | Lost mutation: You have very sharp teeth. [potion of
                  | mutation]
 12817 | D:9      | Gained mutation: You expend magic power (3 MP) to
                  | strengthen your wands. [potion of mutation]
 12817 | D:9      | Gained mutation: Your muscles are strong. (Str +2) [potion
                  | of mutation]
 12818 | D:9      | Lost mutation: You expend magic power (3 MP) to strengthen
                  | your wands. [potion of mutation]
 12818 | D:9      | Lost mutation: Your body sometimes deteriorates upon taking
                  | damage. [potion of mutation]
 12818 | D:9      | Gained mutation: You are agile. (Dex +2) [potion of
                  | mutation]
 12818 | D:9      | Gained mutation: You are very agile. (Dex +4) [potion of
                  | mutation]
 12819 | D:9      | Lost mutation: Your muscles are strong. (Str +2) [potion of
                  | mutation]
 12819 | D:9      | Lost mutation: You are very agile. (Dex +4) [potion of
                  | mutation]
 12819 | D:9      | Gained mutation: You are weak. (Str -2) [potion of
                  | mutation]
 12819 | D:9      | Gained mutation: Your spells are a little easier to cast,
                  | but a little less powerful. [potion of mutation]
 12820 | D:9      | Lost mutation: You are agile. (Dex +2) [potion of mutation]
 12820 | D:9      | Lost mutation: You are weak. (Str -2) [potion of mutation]
 12820 | D:9      | Gained mutation: You are clumsy. (Dex -2) [potion of
                  | mutation]
 12820 | D:9      | Gained mutation: You are strong-willed. (Will+) [potion of
                  | mutation]
 12820 | D:9      | Gained mutation: You are highly strong-willed. (Will++)
                  | [potion of mutation]
 12927 | Lair:3   | Found a gate leading to a gauntlet.
 12936 | Gauntlet | Entered a Gauntlet
 12936 | Gauntlet | Found a transporter.
 12939 | Gauntlet | Found a transporter.
 12941 | Gauntlet | Found a transporter.
 12958 | Gauntlet | Found a transporter.
 12959 | Gauntlet | Found a transporter.
 12967 | Gauntlet | Noticed a glowing orange brain
 12969 | Gauntlet | Found a transporter.
 12985 | Gauntlet | Found a transporter.
 12988 | Gauntlet | Found the +4 moon troll leather armour {Spirit, Regen++
                  | MP+5}
 12989 | Gauntlet | Noticed a dire elephant
 12991 | Gauntlet | Found a transporter.
 13008 | Gauntlet | Found a transporter.
 13015 | Gauntlet | Found a transporter.
 13038 | Gauntlet | Found a transporter.
 13038 | Gauntlet | Found a transporter.
 13067 | Gauntlet | Found a transporter.
 13072 | Gauntlet | Found a transporter.
 13275 | Gauntlet | Identified the +0 pair of gloves of Nefinor {rElec Will+
                  | rCorr Str-5}
 13304 | Gauntlet | Reached XP level 13. HP: 88/103 MP: 13/13
 13733 | Gauntlet | Identified the +10 rapier "Orb Guardian's Peril" {freeze,
                  | rN+ Will+}
 13733 | Gauntlet | Noticed a minotaur
 13748 | Gauntlet | Killed a minotaur
 13756 | Gauntlet | Got Sif Muna's Tome of Gliding Slavery
 13766 | Gauntlet | Got the Compendium of Beguiling
 14258 | Lair:3   | Reached skill level 10 in Armour
 15309 | Lair:4   | Noticed a six-headed hydra
 15838 | Lair:4   | You fall into a shaft and drop 2 floors!
 15838 | Lair:6   | Entered Level 6 of the Lair of Beasts
 16498 | Lair:6   | Noticed an eight-headed hydra
 16806 | Lair:5   | Bought a scroll of identify for 34 gold pieces
 16840 | Lair:5   | Noticed a catoblepas
 16841 | Lair:5   | Noticed a catoblepas
 17083 | Lair:4   | Found a hole to the Spider Nest.
 17186 | Lair:4   | Reached XP level 14. HP: 106/113 MP: 14/14
 19700 | Lair:4   | Identified the +6 chain mail "Ceucocs" {Str+4}
 21030 | Lair:5   | Slain by a komodo dragon

Illustrated notes

Levels and vault maps discovered:
D:1:      dpeg_arrival_round_b, layout_basic, basic_ecumenical_altar,
          minmay_misc_feat_five
D:2:      layout_loops_ring, minmay_misc_feat_secret_circle, uniq_robin
D:3:      layout_loops_cross, serial_aquarium, aquarium_bridge_straight
          [aquarium_subvault_bridge, aquarium_subvault_wall,
          aquarium_subvault_bridge, aquarium_subvault_window],
          aquarium_window_1, aquarium_window_2, aquarium_window_corner,
          aquarium_window_1, aquarium_view_4, aquarium_pool_five
D:4:      layout_loops_ring, minmay_distorted
D:5:      layout_basic, minmay_temple_entry_stoned_glass, lemuel_another_geyser
D:6:      layout_layer_cave, nicolae_gozag_conspicuous_consumption,
          chequers_temple_overflow_statue_of_worship, serial_shops, shop,
          nicolae_shop_overgrown_old_shop, shop_statue,
          nicolae_shop_window_shopping
D:7:      layout_layer_cave, uniq_harold
D:8:      layout_gridville, nicolae_uskayaw_murder_on_the_dancefloor,
          minmay_lizard_king, uniq_grum
D:9:      layout_basic, lemuel_coloured_pillars_altar, dpeg_lair_monsters,
          minmay_checkerbox, uniq_erolcha
Temple:   lightli_temple_of_artemis
Lair:1:   layout_gridlike, uniq_nergalle
Lair:2:   layout_cellular_growth, minmay_swamp_entry_worms,
          beast_lair_carwin_10, uniq_maggie
Lair:3:   layout_long_grid, gauntlet_entry_generic, grunt_megastairs_1
Lair:4:   layout_misc_corridors, nicolae_spider_entry_tight_spaces,
          nicolae_volcano_entry_batcave, chequers_serial_rivers_large_a
Lair:5:   nzn_motion_control, layout_cave_pods, slime_altar_1
Lair:6:   gammafunk_lair_ancient_temple, layout_layer_cave, special_room
          [special_room_mythical_zoo]

Skill      XL: |  1  2  3  4  5  6  7  8  9 10 11 12 13 14 |
---------------+-------------------------------------------+-----
Staves         | 3 4 5 7 9 12 14 | 14.0
Shields        | 4 5 9 |  9.0
Fighting       | 4 5 9 10 11 12 | 12.5
Evocations     | 2 5 7 9 |  9.6
Throwing       | 1 6 7 9 |  9.6
Armour         | 7 10 | 10.0

Action                   |  1- 3 |  4- 6 |  7- 9 | 10-12 | 13-15 || total
-------------------------+-------+-------+-------+-------+-------++-------
Melee: Quarterstaff      |    87 |   169 |   326 |   740 |   991 ||  2313
Throw: Dart              |       |       |    53 |    86 |     5 ||   144
       Boomerang         |       |       |       |     3 |    73 ||    76
       Javelin           |       |       |       |       |     1 ||     1
Invok: Call Merchant     |       |       |       |     2 |     1 ||     3
 Abil: Dig               |       |     2 |     1 |    13 |    11 ||    27
Evoke: Wand              |       |       |       |     3 |     2 ||     5
       Lightning rod     |       |       |       |       |     3 ||     3
       Box of beasts     |       |       |       |       |     1 ||     1
  Use: Scroll            |     4 |     2 |     8 |     8 |     2 ||    24
       Potion            |       |       |     3 |     8 |     4 ||    15
 Stab: Distracted        |       |       |     1 |     3 |     3 ||     7
       Paralysed         |       |       |       |     6 |       ||     6
Armor: Scale mail        |    45 |    63 |   103 |       |       ||   211
       Plate armour      |       |       |    20 |    78 |       ||    98
       Chain mail        |       |       |       |    64 |   217 ||   281
Dodge: Dodged            |    30 |    58 |   108 |   114 |   271 ||   581
Block: Kite shield       |    65 |    94 |   196 |   270 |   396 ||  1021

Table legend: (Time is in decaauts)
 A = Elapsed time spent in this place.
 B = Non-inter-level travel time spent in this place.
 C = Inter-level travel time spent in this place.
 D = Time resting spent in this place.
 E = Time spent auto-exploring this place.
 F = Levels seen in this place.
 G = Mean time per level.
                   A        B        C        D        E       F      G
               +--------+--------+--------+--------+--------+-----+--------+
         Total |  20535 |  19528 |   1007 |   4195 |  11416 |  17 | 1207.9 |
       Dungeon |  10649 |  10076 |    573 |   1080 |   6799 |   9 | 1183.2 |
        Temple |    125 |    108 |     17 |      0 |    107 |   1 |  125.0 |
          Lair |   8709 |   8292 |    417 |   2442 |   4510 |   6 | 1451.5 |
      Gauntlet |   1049 |   1049 |      0 |    672 |      0 |   1 | 1049.0 |
               +--------+--------+--------+--------+--------+-----+--------+

Top non-repeatable levels by time:
  Lair:4: 2976 daAuts
     D:7: 1611 daAuts
  Lair:3: 1583 daAuts
     D:6: 1569 daAuts
  Lair:2: 1418 daAuts
     D:8: 1247 daAuts
  Lair:5: 1212 daAuts
     D:9: 1197 daAuts
     D:4: 1116 daAuts
     D:5: 1067 daAuts
Gauntlet: 1049 daAuts
     D:1: 953 daAuts
     D:2: 947 daAuts
     D:3: 938 daAuts
  Lair:1: 934 daAuts
